 Dungeon Crawl Stone Soup version 0.29.1-12-g30fa7ad0bf (webtiles) character file.

Game seed: 2601908860876496423

7 FaviusArthum the Grave Robber (level 1, 0/10 HPs)
             Began as a Deep Elf Necromancer on Jan 4, 2023.
             Frozen to death by an endoplasm (5 damage)
             ... on level 1 of the Dungeon.
             The game lasted 00:01:18 (167 turns).

FaviusArthum the Grave Robber (Deep Elf Necromancer) Turns: 167, Time: 00:01:21

Health: 0/10       AC:  2    Str:  5    XL:     1   Next: 83%
Magic:  5/6        EV: 16    Int: 19    God:
Gold:   0          SH:  0    Dex: 15    Spells: 5/6 levels left

rFire   . . .      SeeInvis .   d - +0 club
rCold   . . .      Faith    .   (no shield)
rNeg    . . .      Spirit   .   a - +0 robe
rPois   .          Reflect  .   (no helmet)
rElec   .          Harm     .   (no cloak)
rCorr   .          Rampage  .   (no gloves)
Will    .....                   (no boots)
Stlth   ++........              (no amulet)
HPRegen 0.03/turn               c - +4 ring of evasion
MPRegen 0.10/turn               (no ring)

@: no status effects
A: no striking features
a: no special abilities


You were on level 1 of the Dungeon.
You visited 1 branch of the dungeon, and saw 1 of its levels.

Inventory:

Hand Weapons
 d - a +0 club (weapon)
 e - a +0 dagger
Armour
 a - a +0 robe (worn)
Jewellery
 c - a +4 ring of evasion (left hand)
Potions
 b - a potion of magic


   Skills:
 + Level 2.4 Dodging
 + Level 2.4 Stealth
 + Level 3.1 Spellcasting
 + Level 5.1 Necromancy


You had 5 spell levels left.
You knew the following spells:

 Your Spells              Type           Power      Damage    Failure   Level
a - Necrotise             Necr           88%        1d8       1%          1

Your spell library contained the following spells:

 Spells                   Type           Power      Damage    Failure   Level
 Vampiric Draining        Necr           22%        2d7       5%          3
 Animate Dead             Necr           22%        N/A       19%         4
 Agony                    Necr           22%        N/A       45%         5


Dungeon Overview and Level Annotations

Branches:
Dungeon (1/15)

Altars:


Message History

A quokka comes into view.
Casting: Necrotise (safe; 1% risk of failure)
Confirm with . or Enter, or press ? or * to list all spells.
Aiming: Necrotise (safe; 1% risk of failure)
Press: ? - help, Shift-Dir - straight line, f - quokka
Aim: a quokka (asleep, chance to affect: 91%)
The quokka writhes in agony.
Casting: Necrotise (safe; 1% risk of failure)
Confirm with . or Enter, or press ? or * to list all spells.
Aiming: Necrotise (safe; 1% risk of failure)
Press: ? - help, Shift-Dir - straight line, f/p - quokka
Aim: a quokka (severely wounded, chance to affect: 91%)
The quokka writhes in agony!
You kill the quokka!
The dead are hopping!
You swap places.
An endoplasm comes into view.
An endoplasm comes into view.
You completely miss the endoplasm.
Your quokka skeleton crumbles into dust!
The endoplasm freezes you.
You are frozen.
You barely miss the endoplasm. The endoplasm closely misses you.
Casting: Necrotise (safe; 1% risk of failure)
Confirm with . or Enter, or press ? or * to list all spells.
Aiming: Necrotise (safe; 1% risk of failure)
Press: ? - help, Shift-Dir - straight line, f - endoplasm
Aim: an endoplasm (chance to affect: 91%)
The endoplasm writhes in agony.
The endoplasm freezes you.
You are frozen.
The endoplasm freezes you.
You are frozen.
You hit the endoplasm.
The endoplasm is severely wounded.
The endoplasm closely misses you. The endoplasm freezes you.
You are frozen.
Ouch! That really hurt!
You die...

#................†.......>..
#...##....######.###.####..#
#...##....# #.# #.#
#...##....# #.# #..
#...##...## #.# ####
############## #.#
.......##.# ..........#
......J@..# ......J...#
............. .........#####
.......... ...........
........... ............


You could see 2 endoplasms.

Vanquished Creatures
  A giant cockroach (D:1)
  A quokka (D:1)
  2 bats (D:1)
  A frilled lizard (D:1)
5 creatures vanquished.

Vanquished Creatures (collateral kills)
  A goblin (D:1)
  A frilled lizard (D:1)
2 creatures vanquished.

Grand Total: 7 creatures vanquished

Notes
Turn   | Place    | Note
-------+----------+-------------------------------------------
     0 | D:1      | FaviusArthum the Deep Elf Necromancer began the quest for
                  | the Orb.
     0 | D:1      | Reached XP level 1. HP: 10/10 MP: 6/6
    55 | D:1      | Reached skill level 5 in Necromancy
   167 | D:1      | Frozen to death by an endoplasm

Illustrated notes

Levels and vault maps discovered:
D:1:      roderic_dead_forest, layout_basic, hellmonk_ecumenical_altar_zigzags

Skill      XL: |  1 |
---------------+----+-----
Necromancy     | 5 |  5.1
Dodging        | |  2.4
Stealth        | |  2.4
Spellcasting   | |  3.1

Action                   || total
-------------------------++-------
Melee: Club              ||     7
 Cast: Necrotise         ||    13
Dodge: Dodged            ||     7
